 Dungeon Crawl Stone Soup version 0.24.0-13-gcf9b3192b9 (webtiles) character file.

Game seed: 15880331212327798478, levelgen mode: deterministic

42774 FishyPogo the Thaumaturge (level 14, -1/116 HPs)
             Began as a Gnoll Fire Elementalist on Nov 10, 2019.
             Was a High Priest of Nemelex Xobeh.
             Slain by an anaconda (3 damage)
             ... on level 6 of the Lair of Beasts.
             The game lasted 02:04:54 (18547 turns).

FishyPogo the Thaumaturge (GnFE)                   Turns: 18547, Time: 02:04:55

Health: -1/116     AC: 10    Str:  9    XL:     14   Next: 21%
Magic:  1/28       EV: 14    Int: 20    God:    Nemelex Xobeh [*****.]
Gold:   732        SH: 11    Dex: 17    Spells: 4/33 levels left

rFire    + . .     SeeInvis .   b - +3 trident (venom)
rCold    + . .     Gourm    .   y - +0 shield
rNeg     + . .     Faith    .   E - +1 leather armour "Siwipt" {rF+ rC+ rN+ Regen+ Str-5}
rPois    +         Spirit   .   s - +0 helmet
rElec    .         Reflect  .   (no cloak)
rCorr    .         Harm     .   x - +1 pair of gloves
MR       +....                  T - +0 pair of boots
Stlth    ++++......             O - amulet of magic regeneration
HPRegen  0.69/turn              U - ring of poison resistance
MPRegen  0.21/turn              C - ring of wizardry

@: constricted
A: distributed training, fangs 1, robust 1, strong 1, strong nose
a: Draw Escape, Draw Destruction, Draw Summoning, Triple Draw, Deal Four, Stack
Five, Renounce Religion


You were on level 6 of the Lair of Beasts.
You worshipped Nemelex Xobeh.
Nemelex Xobeh was extremely pleased with you.
You were not hungry.

You visited 2 branches of the dungeon, and saw 19 of its levels.
You also visited: Ice Cave.

You collected 1582 gold pieces.
You spent 850 gold pieces at shops.

Inventory:

Hand Weapons
 b - a +3 trident of venom (weapon)
Missiles
 j - 11 javelins (quivered)
 l - 71 poisoned darts
 m - 20 boomerangs
 X - 10 curare-tipped darts
Armour
 s - a +0 helmet (worn)
 v - a +1 leather armour of fire resistance
 x - a +1 pair of gloves (worn)
 y - a +0 shield (worn)
 E - the +1 leather armour "Siwipt" (worn) {rF+ rC+ rN+ Regen+ Str-5}
   (You took it off an orc on level 7 of the Dungeon)

   It affects your strength (-5).
   It protects you from fire.
   It protects you from cold.
   It protects you from negative energy.
   It increases your rate of regeneration.
 I - a +2 robe of magic resistance
 K - +0 acid dragon scales
 T - a +0 pair of boots (worn)
 W - a +2 cloak of cold resistance
Magical Staves
 a - an uncursed staff of death
Jewellery
 q - an uncursed ring of fire
 w - an uncursed ring of protection from fire
 C - a ring of wizardry (right hand)
 D - an uncursed ring of protection from cold
 F - an uncursed ring of see invisible
 O - an amulet of magic regeneration (around neck)
 U - a ring of poison resistance (left hand)
Wands
 u - a wand of flame (18)
 B - a wand of disintegration (24)
 P - a wand of digging (4)
 R - a wand of iceblast (8)
 Y - a wand of polymorph (9)
Scrolls
 e - 6 scrolls of remove curse
 f - a scroll of vulnerability
 h - 7 scrolls of identify
 k - a scroll of holy word
 o - 4 scrolls of teleportation
 r - 3 scrolls of fog
 G - 4 scrolls of immolation
 J - 2 scrolls of blinking
 M - 2 scrolls of fear
 N - a scroll of torment
 Q - 2 scrolls of enchant armour
 S - 2 scrolls of enchant weapon
Potions
 g - 2 potions of might {unknown}
 i - 2 potions of berserk rage {unknown}
 n - 4 potions of lignification
 p - a potion of brilliance
 t - 10 potions of curing
 z - a potion of agility
 A - 2 potions of resistance
 H - a potion of ambrosia
 L - a potion of invisibility {unknown}
 V - 2 potions of degeneration {unknown}
 Z - a potion of haste {unknown}
Comestibles
 c - 23 rations


   Skills:
 + Level 8.9 Fighting
 + Level 8.9 Short Blades
 + Level 8.9 Long Blades
 + Level 8.9 Axes
 + Level 8.9 Maces & Flails
 + Level 8.9 Polearms
 + Level 8.9 Staves
 + Level 8.9 Slings
 + Level 8.9 Bows
 + Level 8.9 Crossbows
 + Level 8.9 Throwing
 + Level 8.9 Armour
 + Level 10.0 Dodging
 + Level 9.8 Stealth
 + Level 8.9 Shields
 + Level 8.9 Unarmed Combat
 + Level 10.1 Spellcasting
 + Level 7.7 Conjurations
 + Level 7.4 Hexes
 + Level 7.4 Charms
 + Level 7.4 Summonings
 + Level 7.4 Necromancy
 + Level 7.4 Translocations
 + Level 7.4 Transmutations
 + Level 9.3 Fire Magic
 + Level 7.4 Ice Magic
 + Level 7.4 Air Magic
 + Level 7.4 Earth Magic
 + Level 7.4 Poison Magic
 + Level 9.6 Invocations
 + Level 8.9 Evocations


You had 4 spell levels left.
You knew the following spells:

 Your Spells              Type           Power        Failure   Level  Hunger
a - Flame Tongue          Conj/Fire      #####        1%          1    None
b - Throw Flame           Conj/Fire      #####.       1%          2    None
c - Mephitic Cloud        Conj/Pois/Air  #####...     1%          3    None
j - Conjure Flame         Conj/Fire      #####...     1%          3    None
k - Inner Flame           Hex/Fire       #####...     1%          3    None
l - Summon Lightning Spi  Summ/Air       #####...     4%          4    ##.....
n - Iskenderun's Battles  Conj/Chrm      #####...     10%         5    ####...
p - Sticky Flame          Conj/Fire      #####...     2%          4    ##.....
y - Olgreb's Toxic Radia  Pois           #####...     4%          4    ##.....

Your spell library contained the following spells:

 Spells                   Type           Power        Failure   Level  Hunger
 Apportation              Tloc           #####.       1%          1    None
 Beastly Appendage        Tmut           #####.       1%          1    None
 Magic Dart               Conj           ####         1%          1    None
 Sting                    Conj/Pois      ####         1%          1    None
 Summon Butterflies       Summ           #####...     1%          1    None
 Poisonous Vapours        Pois/Air       #####.       1%          2    None
 Searing Ray              Conj           #####.       1%          2    None
 Sticks to Snakes         Tmut           #####...     1%          2    None
 Dazzling Spray           Conj/Hex       #####.       1%          3    None
 Lesser Beckoning         Tloc           #####.....   1%          3    None
 Spider Form              Tmut/Pois      #####.....   1%          3    None
 Tukima's Dance           Hex            #####...     1%          3    None
 Force Lance              Conj/Tloc      #####...     3%          4    ##.....
 Fulminant Prism          Conj/Hex       #####.....   3%          4    ##.....
 Iskenderun's Mystic Bla  Conj           #####...     3%          4    ##.....
 Ice Form                 Ice/Tmut       #####...     4%          4    ##.....
 Fireball                 Conj/Fire      #####.....   7%          5    ####...
 Bolt of Magma            Conj/Fire/Erth #####.....   8%          5    ####...
 Irradiate                Conj/Tmut      #####.....   10%         5    ####...
 Venom Bolt               Conj/Pois      #####.....   10%         5    ####...
 Alistair's Intoxication  Tmut/Pois      #####...     11%         5    ####...
 Blade Hands              Tmut           #####.....   11%         5    ####...
 Silence                  Hex/Air        #####.....   11%         5    ####...
 Conjure Ball Lightning   Conj/Air       #####.....   45%         6    ######.
 Iron Shot                Conj/Erth      #####.....   45%         6    ######.
 Deflect Missiles         Chrm/Air       #####.....   47%         6    ######.
 Hydra Form               Tmut           #####.....   47%         6    ######.
 Invisibility             Hex            #####...     47%         6    ######.
 Statue Form              Tmut/Erth      #####....    47%         6    ######.
 Orb of Destruction       Conj           #####.....   93%         7    #######
 Dragon Form              Tmut           #####.....   95%         7    #######
 Spellforged Servitor     Conj/Summ      #####.....   95%         7    #######
 Tornado                  Air            #####.....   100%        9    #######


Dungeon Overview and Level Annotations

Branches:
Dungeon (14/15)            Temple (0/1) D:7            Lair (6/6) D:10
 Spider (0/4) Lair:2        Slime (0/5) Lair:6          Orc (0/2) D:12
  IceCv (visited)
  Swamp: Lair:2-4    Shoals: Lair:2-4    Vaults: D:13-14

Altars:
Ashenzari
Dithmenos
Elyvilon
Nemelex Xobeh
Qazlal
Ru
Sif Muna
Trog
Zin
The Shining One
Beogh
Jiyva

Shops:
D:9 *}}!(   D:12 ?

Annotations:
D:10 3 runed translucent doors, Dwachs's ghost, journeyman MiFi
D:13 Nessos


Innate Abilities, Weirdness & Mutations

Your experience applies equally to all skills.
You have very sharp teeth.
Your uncanny sense of smell can sniff out nearby items.
You are robust. (+10% HP)
Your muscles are strong. (Str +2)


Message History

The anaconda bites you! The anaconda constricts you.
Your shield prevents you from hitting the anaconda.
Your bite misses the anaconda.
The anaconda is severely wounded.
The anaconda burns!
The anaconda stops burning.
The anaconda bites you but does no damage.
* * * LOW HITPOINT WARNING * * *
The anaconda constricts you. The anaconda bites you!!
* * * LOW HITPOINT WARNING * * *
x2 The anaconda constricts you.
Okay, then.
You draw a card...
You have drawn Pain.
Press: ? - help, Shift-Dir - straight line, f/p - anaconda
Aim: an anaconda (severely wounded, constricting you, poisoned)
The bolt of negative energy misses the anaconda.
The anaconda bites you!
* * * LOW HITPOINT WARNING * * *
You die...
Your body glows with a rainbow of weird colours and disappears.

#....#8..'...#♣.P# #
##...'..######...## #
#...#8...# #♣....##
#P.#####.# ♣......# #
#...'..#.##♣.....######
##..'..#.P##......##..#
##.#..##.##...........
###...#.###....#.....
#8@8#...#♣.<...÷.#.
##S####.##..##.#### #..
#..#..#...### ..≈≈
##.#.......P. ≈≈≈≈≈
#.#..P#.....
#≈≈≈≈≈.#.#.P.......
##≈≈≈P##.#..#####..
#++####.#.#.# ##P
##8.#..## #..


You could see an anaconda.

Vanquished Creatures
  A reaper (IceCv)
  Erolcha (D:11)
  5 hydras
  3 two-headed ogres
  Sonja (D:11)
  The ghost of Gumption the Reanimator, a novice DDNe of Makhleb (D:8)
  2 unseen horrors
  Pikel (D:8)
  An orb spider (D:5)
  An ugly thing (D:12)
  2 oklob plants (Lair:1)
  A wolf spider (D:8)
  Maurice (D:8)
  2 black mambas
  Psyche (D:8)
  2 ice statues (IceCv)
  4 spiny frogs
  4 kobold demonologists
  A rime drake (Lair:6)
  10 ice devils (IceCv)
  5 komodo dragons (Lair:2)
  4 trolls
  10 blink frogs
  4 hippogriffs
  5 slime creatures (D:12)
  A vampire (D:11)
  2 shadows
  A wyvern (D:10)
  A wraith (D:10)
  A human (D:5)
  3 hungry ghosts
  46 yaks
  A basilisk (Lair:3)
  A steam dragon (D:8)
  2 wargs (D:10)
  An acid dragon (D:8)
  11 water moccasins
  Duvessa (D:7)
  2 porcupines
  14 orc warriors
  4 ice beasts
  2 sky beasts
  4 slaves (D:8)
  3 black bears
  2 phantoms
  4 wolves (Lair:3)
  6 ogres
  9 centaurs
  8 crocodiles
  Blork the orc (D:4)
  4 big kobolds
  14 bullfrogs
  Dowan (D:7)
  4 scorpions
  A wyvern skeleton (D:12)
  6 killer bees (D:8)
  7 howler monkeys
  3 wights (D:12)
  A centaur zombie (D:7)
  2 crimson imps
  2 bullfrog zombies
  2 jellies
  6 orc priests
  9 hounds
  5 bullfrog skeletons
  15 orc wizards
  An iguana (D:4)
  11 worker ants
  A hound skeleton (D:8)
  A worker ant zombie (D:6)
  18 adders
  A shadow imp (D:8)
  18 white imps
  8 ufetubi (IceCv)
  An ooze (D:7)
  An adder skeleton (D:10)
  2 adder zombies (D:5)
  2 worms
  2 dart slugs (D:1)
  3 leopard geckos
  75 orcs
  12 giant cockroaches
  14 goblins
  7 hobgoblins
  13 jackals
  17 kobolds
  4 quokkas
  A ball python (D:6)
  10 bats
  6 frilled lizards
  A quokka skeleton (D:8)
  3 rats
  3 fungi
  3 plants
525 creatures vanquished.

Vanquished Creatures (collateral kills)
  Menkaure (D:7)
  A water moccasin (Lair:3)
  2 wolves (Lair:3)
4 creatures vanquished.

Vanquished Creatures (others)
  An orc warrior (D:12)
  An orc wizard (D:12)
  2 white imps (IceCv)
  4 ufetubi (IceCv)
  2 ball lightnings (D:12)
  2 bushes (D:8)
  A fungus (Lair:2)
  A plant (Lair:1)
14 creatures vanquished.

Grand Total: 543 creatures vanquished

Notes
Turn   | Place    | Note
-------+----------+-------------------------------------------
     0 | D:1      | FishyPogo the Gnoll Fire Elementalist began the quest for
                  | the Orb.
     0 | D:1      | Reached XP level 1. HP: 13/13 MP: 6/6
    15 | D:1      | Reached XP level 2. HP: 11/19 MP: 0/7
   147 | D:1      | Learned a level 2 spell: Throw Flame
   468 | D:1      | Reached XP level 3. HP: 25/25 MP: 6/9
   473 | D:1      | Learned a level 3 spell: Conjure Flame
   521 | D:1      | Reached skill level 5 in Spellcasting
   749 | D:2      | Reached skill level 1 in Invocations
   753 | D:2      | Reached skill level 1 in Fighting
   753 | D:2      | Reached skill level 1 in Short Blades
   753 | D:2      | Reached skill level 1 in Long Blades
   753 | D:2      | Reached skill level 1 in Axes
   753 | D:2      | Reached skill level 1 in Maces & Flails
   753 | D:2      | Reached skill level 1 in Polearms
   753 | D:2      | Reached skill level 1 in Staves
   753 | D:2      | Reached skill level 1 in Slings
   753 | D:2      | Reached skill level 1 in Bows
   753 | D:2      | Reached skill level 1 in Crossbows
   753 | D:2      | Reached skill level 1 in Throwing
   753 | D:2      | Reached skill level 1 in Armour
   753 | D:2      | Reached skill level 1 in Shields
   753 | D:2      | Reached skill level 1 in Unarmed Combat
   753 | D:2      | Reached skill level 1 in Evocations
   767 | D:2      | Reached XP level 4. HP: 21/32 MP: 1/11
   778 | D:2      | Learned a level 4 spell: Sticky Flame
  1199 | D:2      | Found a bloodstained altar of Trog.
  1267 | D:2      | Reached skill level 1 in Hexes
  1267 | D:2      | Reached skill level 1 in Charms
  1267 | D:2      | Reached skill level 1 in Summonings
  1267 | D:2      | Reached skill level 1 in Necromancy
  1267 | D:2      | Reached skill level 1 in Translocations
  1267 | D:2      | Reached skill level 1 in Transmutations
  1267 | D:2      | Reached skill level 1 in Ice Magic
  1267 | D:2      | Reached skill level 1 in Air Magic
  1267 | D:2      | Reached skill level 1 in Earth Magic
  1267 | D:2      | Reached skill level 1 in Poison Magic
  1594 | D:2      | Reached XP level 5. HP: 37/37 MP: 7/12
  1608 | D:2      | Learned a level 3 spell: Inner Flame
  1879 | D:3      | Noticed a centaur
  1884 | D:3      | Killed a centaur
  2055 | D:3      | Reached XP level 6. HP: 39/44 MP: 9/13
  2469 | D:3      | Found a shadowy altar of Dithmenos.
  2559 | D:4      | Noticed Blork the orc
  2628 | D:4      | Noticed an orc warrior
  2641 | D:3      | Reached skill level 5 in Dodging
  2740 | D:4      | Killed Blork the orc
  2740 | D:4      | Reached XP level 7. HP: 37/50 MP: 2/15
  3137 | D:3      | Gained mutation: Your muscles are strong. (Str +2) [potion
                  | of mutation]
  3137 | D:3      | Gained mutation: You are robust. (+10% HP) [potion of
                  | mutation]
  3323 | D:4      | Reached skill level 5 in Stealth
  3529 | D:4      | Found a sparkling altar of Nemelex Xobeh.
  3539 | D:4      | Became a worshipper of Nemelex Xobeh the Trickster
  3546 | D:4      | Received a gift from Nemelex Xobeh
  3851 | D:5      | Entered Level 5 of the Dungeon
  4029 | D:5      | Reached XP level 8. HP: 56/62 MP: 5/16
  4085 | D:5      | Noticed a yak
  4122 | D:5      | Found a sacrificial altar of Ru.
  4252 | D:5      | Noticed a yak
  4267 | D:5      | Noticed a yak
  4269 | D:5      | Noticed a yak
  4289 | D:5      | Killed a yak
  4359 | D:5      | Noticed a yak
  4378 | D:5      | Noticed an orb spider
  4378 | D:5      | a yak changed into an orb spider
  4378 | D:5      | Noticed a troll
  4378 | D:5      | a yak changed into a troll
  4378 | D:5      | a yak changed into a human
  4380 | D:5      | Killed a troll
  4382 | D:5      | Killed a yak
  4383 | D:5      | Reached XP level 9. HP: 53/71 MP: 13/18
  4389 | D:5      | Killed an orb spider
  4491 | D:6      | Found a shattered altar of Ashenzari.
  4516 | D:6      | Found a glowing silver altar of Zin.
  4690 | D:6      | Reached * piety under Nemelex Xobeh
  4902 | D:6      | Learned a level 4 spell: Iskenderun's Mystic Blast
  4990 | D:6      | Learned a level 3 spell: Mephitic Cloud
  5034 | D:6      | Found a stormy altar of Qazlal.
  5174 | D:6      | Received a gift from Nemelex Xobeh
  5293 | D:7      | Noticed Menkaure
  5339 | D:7      | Noticed Duvessa
  5339 | D:7      | Noticed Dowan
  5572 | D:7      | Killed Duvessa
  5572 | D:7      | Reached skill level 5 in Invocations
  5576 | D:7      | Killed Dowan
  5588 | D:7      | Reached ** piety under Nemelex Xobeh
  5662 | D:7      | Found a staircase to the Ecumenical Temple.
  5696 | D:7      | Reached XP level 10. HP: 77/80 MP: 1/20
  5950 | D:7      | Identified the cursed +1 leather armour "Siwipt" {rF+ rC+
                  | rN+ Regen+ Str-5}
  6328 | D:7      | Received a gift from Nemelex Xobeh
  6376 | D:7      | Killed Menkaure
  6458 | D:8      | Reached skill level 5 in Fighting
  6458 | D:8      | Reached skill level 5 in Short Blades
  6458 | D:8      | Reached skill level 5 in Long Blades
  6458 | D:8      | Reached skill level 5 in Axes
  6458 | D:8      | Reached skill level 5 in Maces & Flails
  6458 | D:8      | Reached skill level 5 in Polearms
  6458 | D:8      | Reached skill level 5 in Staves
  6458 | D:8      | Reached skill level 5 in Slings
  6458 | D:8      | Reached skill level 5 in Bows
  6458 | D:8      | Reached skill level 5 in Crossbows
  6458 | D:8      | Reached skill level 5 in Throwing
  6458 | D:8      | Reached skill level 5 in Armour
  6458 | D:8      | Reached skill level 5 in Shields
  6458 | D:8      | Reached skill level 5 in Unarmed Combat
  6458 | D:8      | Reached skill level 5 in Evocations
  6502 | D:8      | Noticed Pikel
  6544 | D:8      | Noticed Maurice
  7012 | D:8      | Killed Pikel
  7171 | D:8      | Found a glowing golden altar of the Shining One.
  7212 | D:8      | Found a runed translucent door.
  7285 | D:8      | Noticed Gumption's ghost (novice DDNe)
  7295 | D:8      | Killed Gumption's ghost
  7295 | D:8      | Reached skill level 5 in Conjurations
  7378 | D:8      | Reached *** piety under Nemelex Xobeh
  7525 | D:8      | Noticed Psyche
  7616 | D:8      | Killed Psyche
  7718 | D:8      | Reached XP level 11. HP: 68/89 MP: 8/22
  7955 | D:8      | Killed Maurice
  7955 | D:8      | Noticed a wolf spider
  7961 | D:8      | Killed a wolf spider
  8103 | D:8      | Learned a level 4 spell: Olgreb's Toxic Radiance
  8137 | D:9      | Reached skill level 5 in Hexes
  8137 | D:9      | Reached skill level 5 in Charms
  8137 | D:9      | Reached skill level 5 in Summonings
  8137 | D:9      | Reached skill level 5 in Necromancy
  8137 | D:9      | Reached skill level 5 in Translocations
  8137 | D:9      | Reached skill level 5 in Transmutations
  8137 | D:9      | Reached skill level 5 in Ice Magic
  8137 | D:9      | Reached skill level 5 in Air Magic
  8137 | D:9      | Reached skill level 5 in Earth Magic
  8137 | D:9      | Reached skill level 5 in Poison Magic
  8208 | D:9      | Found Ulu Tit's Antique Weapon Emporium.
  8400 | D:9      | Found Otiveink's Gadget Emporium.
  8410 | D:9      | Received a gift from Nemelex Xobeh
  8433 | D:9      | Found a shimmering blue altar of Sif Muna.
  8465 | D:9      | Found Emaaf's General Store.
  8475 | D:9      | Bought a book of the Sky for 715 gold pieces
  8512 | D:9      | Noticed an unseen horror
  8518 | D:9      | Killed an unseen horror
  8897 | D:9      | Found Paskorio's Gadget Emporium.
  8958 | D:9      | Found a white marble altar of Elyvilon.
  9277 | D:9      | Found Hedaiddick's Distillery.
  9365 | D:10     | Entered Level 10 of the Dungeon
  9730 | D:10     | Found a staircase to the Lair.
  9833 | D:10     | Noticed a two-headed ogre
  9842 | D:10     | Killed a two-headed ogre
 10293 | D:10     | You fall into a shaft and drop 2 floors!
 10364 | D:12     | Found Kaimas's Magic Scroll Shop.
 10372 | D:12     | Bought a scroll of identify for 20 gold pieces
 10372 | D:12     | Bought a scroll of identify for 20 gold pieces
 10372 | D:12     | Bought a scroll of blinking for 75 gold pieces
 10372 | D:12     | Bought a scroll of identify for 20 gold pieces
 10464 | D:11     | Received a gift from Nemelex Xobeh
 10709 | D:10     | Found a runed translucent gate.
 10709 | D:10     | Found a runed translucent gate.
 10709 | D:10     | Found a runed translucent gate.
 10804 | D:10     | Noticed Dwachs's ghost (journeyman MiFi)
 10954 | D:11     | Reached **** piety under Nemelex Xobeh
 10960 | D:11     | Noticed an unseen horror
 10970 | D:11     | Killed an unseen horror
 10970 | D:11     | Reached XP level 12. HP: 90/97 MP: 19/24
 11021 | D:11     | Found a frozen archway.
 11031 | IceCv    | Entered an ice cave
 11434 | IceCv    | Noticed a reaper
 11462 | IceCv    | Killed a reaper
 11814 | D:11     | Received a gift from Nemelex Xobeh
 11845 | D:11     | Noticed Sonja
 11852 | D:11     | Killed Sonja
 11912 | D:11     | Noticed Erolcha
 11939 | D:11     | Killed Erolcha
 11947 | D:11     | Noticed a two-headed ogre
 11961 | D:11     | Killed a two-headed ogre
 12318 | D:11     | You fall into a shaft and drop 3 floors!
 12345 | D:13     | Noticed Nessos
 12357 | D:13     | Noticed a centaur warrior
 12376 | D:12     | Noticed a seven-headed hydra
 12384 | D:12     | Received a gift from Nemelex Xobeh
 12386 | D:12     | Killed a seven-headed hydra
 12490 | D:12     | Noticed a two-headed ogre
 13017 | D:11     | Received a gift from Nemelex Xobeh
 13045 | D:11     | Reached XP level 13. HP: 95/107 MP: 22/26
 13256 | D:12     | Learned a level 4 spell: Summon Lightning Spire
 13579 | D:12     | Found a roughly hewn altar of Beogh.
 13579 | D:12     | Found a staircase to the Orcish Mines.
 14142 | Lair:1   | Entered Level 1 of the Lair of Beasts
 14438 | Lair:1   | Received a gift from Nemelex Xobeh
 14473 | Lair:1   | Reached ***** piety under Nemelex Xobeh
 15376 | Lair:2   | Found a hole to the Spider Nest.
 15713 | Lair:2   | Found a stormy altar of Qazlal.
 15955 | Lair:2   | Reached skill level 10 in Spellcasting
 15956 | Lair:2   | Received a gift from Nemelex Xobeh
 16061 | Lair:2   | Reached XP level 14. HP: 116/116 MP: 22/28
 16810 | Lair:3   | You fall into a shaft and drop 2 floors!
 16935 | Lair:5   | Learned a level 5 spell: Iskenderun's Battlesphere
 17069 | Lair:5   | Received a gift from Nemelex Xobeh
 17537 | Lair:6   | Entered Level 6 of the Lair of Beasts
 17556 | Lair:6   | Received a gift from Nemelex Xobeh
 18104 | Lair:6   | Found a staircase to the Slime Pits.
 18110 | Lair:6   | Found a viscous altar of Jiyva.
 18295 | Lair:6   | Reached skill level 10 in Dodging
 18511 | Lair:6   | Got a translucent tin amulet
 18513 | Lair:6   | Identified the amulet "Put-Me-On" {Spirit rC- Dex+2 Slay+5}
                  | (You found it on level 6 of the Lair of Beasts)
 18547 | Lair:6   | HP: 2/116 [anaconda (12)]
 18547 | Lair:6   | Slain by an anaconda

Levels and vault maps discovered:
D:1:      dpeg_arrival_simpleton_c, layout_loops_cross
D:2:      layout_loops_corners, trog_book
D:3:      layout_loops_cross, grunt_dithmenos_smoke, first_ration
D:4:      layout_basic, nemelex_xobeh_ov_fountains_minmay,
          kennysheep_cluttered_room, uniq_blork_the_orc
D:5:      layout_cave_pools, lemuel_crystal_altar
D:6:      layout_basic, lemuel_crystal_altar, ashenzari_altar_1, basic_altar,
          st_stairs_2
D:7:      layout_cave_pools, minmay_temple_entry_mini_moons, uniq_duvessa,
          uniq_menkaure
D:8:      minmay_klotski, layout_basic, kennysheep_mini,
          ebering_ghost_reflecting_pool, uniq_pikel, uniq_maurice, uniq_psyche
D:9:      minmay_the_grid_square_5x5_3x3
          [minmay_the_grid_square_5x5_two_walls_a,
          minmay_the_grid_square_5x5_minimal, minmay_the_grid_square_5x5_seven,
          minmay_the_grid_square_5x5_eight_small,
          minmay_the_grid_square_5x5_megaprize_hollow,
          minmay_the_grid_square_5x5_six_small, minmay_the_grid_square_5x5_two,
          minmay_the_grid_square_5x5_checkered_statues,
          minmay_the_grid_square_5x5_eight], layout_grid_maze, elyvilon_altar_4,
          nicolae_overflow_crystal_walls, serial_shops, shop_statue,
          nicolae_shop_competitors_out_of_business, nicolae_shop_crystal,
          nicolae_shop_trees, kennysheep_little_box
D:10:     layout_loops_corners, erik_lair_orcish_takeover,
          ebering_ghost_rock_garden
D:11:     layout_irregular_city, portal_ice_cave_entry_imps, enter_bailey_3,
          uniq_sonja, uniq_erolcha
D:12:     layout_irregular_city, david_orc_5, serial_shops, nicolae_shop_crystal
D:13:     layout_basic, skrybe_vaults_entry_preservation, ebering_ghost_gozag,
          hangedman_ranch [blue_anna_fruit_fields], hangedman_decor_push,
          minmay_hollow_rounded_squares, uniq_nessos, uniq_kirke
D:14:     layout_cross, chequers_hall_statues_wall_a, uniq_frances
Lair:1:   layout_loops_ring, serial_bayou_pond_d, minmay_lair_oklob_chamber,
          grunt_megastairs_2
Lair:2:   layout_misc_corridors, spider_nest_entry_webs, basic_altar,
          beast_lair_carwin_4
Lair:3:   layout_gridlike
Lair:5:   layout_hall_layers
Lair:6:   due_jungle_book, layout_loops_ring, slime_altar_1,
          nicolae_quartered_pool_super, lookout_lair_type, minivault_19

Skill      XL: |  1  2  3  4  5  6  7  8  9 10 11 12 13 14 |
---------------+-------------------------------------------+-----
Conjurations   | 2 3 4 5 6 7 |  7.7
Spellcasting   | 5 6 7 8 9 10 | 10.1
Invocations    | 1 2 3 4 5 6 7 8 9 |  9.6
Fighting       | 1 2 3 4 5 6 7 8 |  8.9
Short Blades   | 1 2 3 4 5 6 7 8 |  8.9
Long Blades    | 1 2 3 4 5 6 7 8 |  8.9
Axes           | 1 2 3 4 5 6 7 8 |  8.9
Maces & Flails | 1 2 3 4 5 6 7 8 |  8.9
Polearms       | 1 2 3 4 5 6 7 8 |  8.9
Staves         | 1 2 3 4 5 6 7 8 |  8.9
Slings         | 1 2 3 4 5 6 7 8 |  8.9
Bows           | 1 2 3 4 5 6 7 8 |  8.9
Crossbows      | 1 2 3 4 5 6 7 8 |  8.9
Throwing       | 1 2 3 4 5 6 7 8 |  8.9
Armour         | 1 2 3 4 5 6 7 8 |  8.9
Shields        | 1 2 3 4 5 6 7 8 |  8.9
Unarmed Combat | 1 2 3 4 5 6 7 8 |  8.9
Evocations     | 1 2 3 4 5 6 7 8 |  8.9
Hexes          | 1 2 3 4 5 6 7 |  7.4
Charms         | 1 2 3 4 5 6 7 |  7.4
Summonings     | 1 2 3 4 5 6 7 |  7.4
Necromancy     | 1 2 3 4 5 6 7 |  7.4
Translocations | 1 2 3 4 5 6 7 |  7.4
Transmutations | 1 2 3 4 5 6 7 |  7.4
Ice Magic      | 1 2 3 4 5 6 7 |  7.4
Air Magic      | 1 2 3 4 5 6 7 |  7.4
Earth Magic    | 1 2 3 4 5 6 7 |  7.4
Poison Magic   | 1 2 3 4 5 6 7 |  7.4
Dodging        | 5 6 7 8 9 10 | 10.0
Stealth        | 5 6 7 8 9 |  9.8
Fire Magic     | 6 7 8 9 |  9.3

Action                   |  1- 3 |  4- 6 |  7- 9 | 10-12 | 13-15 || total
-------------------------+-------+-------+-------+-------+-------++-------
Melee: Unarmed           |     8 |       |       |       |       ||     8
       Bite              |     2 |     6 |     9 |    22 |    30 ||    69
       Dagger            |     5 |    54 |    50 |       |       ||   109
       Punch             |       |       |     1 |     7 |     1 ||     9
       Trident           |       |       |    21 |   235 |   219 ||   475
Throw: Stone             |       |     4 |     1 |       |     7 ||    12
       Dart              |       |       |    19 |       |       ||    19
 Cast: Flame Tongue      |    22 |    68 |   117 |   424 |   269 ||   900
       Throw Flame       |    18 |    14 |    46 |    96 |    76 ||   250
       Sticky Flame      |       |     4 |     8 |    37 |    35 ||    84
       Conjure Flame     |       |     3 |     3 |    15 |    12 ||    33
       Inner Flame       |       |     2 |       |    41 |    32 ||    75
       Mephitic Cloud    |       |       |     2 |     7 |     2 ||    11
       Summon Lightning  |       |       |       |       |     8 ||     8
       Iskenderun's Batt |       |       |       |       |     4 ||     4
 Abil: Draw Destruction  |       |       |     5 |     6 |     1 ||    12
       Draw Summoning    |       |       |       |     2 |       ||     2
       Draw Escape       |       |       |       |     2 |       ||     2
Evoke: Wand              |       |       |       |       |     1 ||     1
  Use: Potion            |       |       |     2 |     7 |       ||     9
       Scroll            |       |       |     6 |    18 |     5 ||    29
 Stab: Sleeping          |     1 |     3 |       |     4 |       ||     8
       Confused          |       |       |       |     2 |       ||     2
       Distracted        |       |       |       |     1 |       ||     1
  Eat: Chunk             |       |     7 |    10 |    25 |    15 ||    57
       Ration            |       |       |       |     1 |     2 ||     3
Armor: Robe              |     2 |    16 |    10 |     3 |     2 ||    33
       Leather armour    |       |       |       |    99 |    52 ||   151
       Acid dragon scale |       |       |       |       |     1 ||     1
Dodge: Dodged            |    10 |    47 |    59 |   372 |   215 ||   703
Block: Shield            |       |       |       |       |    66 ||    66
